[Event "WSTCC-50 2024"]
[Site "Krakow"]
[Date "2024.07.02"]
[Round "1.14"]
[White "Dettmann, Gerd"]
[Black "Haensel, Jean-Marie"]
[Result "1-0"]
[ECO "C15"]
[WhiteElo "2121"]
[BlackElo "1868"]
[Annotator "NA RC"]
[PlyCount "67"]
[EventDate "2024.07.01"]
[EventType "team-tourn"]
[EventCountry "POL"]
[SourceTitle "playchess.com"]
[Source "ChessBase"]
[SourceQuality "1"]
[TimeControl "40/5400+30:1800+30"]

1. e4 e6 2. d4 d5 3. Nc3 Bb4 4. Nge2 dxe4 5. a3 Be7 6. Nxe4 Nf6 7. N2c3 Nbd7 8. Bf4 O-O 9. Bd3 Nxe4 10. Nxe4 Nf6 11. Be5 Nxe4 12. Bxe4 f5 13. Bf3 c6 14. O-O Bd7 15. Re1 Bf6 16. Qd3 Qe8 17. Qb3 b6 18. Rad1 Qe7 19. h3 g5 20. c4 Qf7 21. Bd6 Rfe8 22. c5 Bd8 23. Re5 bxc5 24. dxc5 Bf6 25. Re3 e5 26. Qxf7+ Kxf7 27. Bxe5 Rxe5 28. Rxd7+ Re7 29. Rexe7+ Bxe7 30. Bxc6 Rc8 31. Bd5+ Ke8 32. c6 a5 33. Ra7 Rb8 34. c7 1-0

[Event "WSTCC-50 2024"]
[Site "Krakow"]
[Date "2024.07.02"]
[Round "1.15"]
[White "Adams, Mark"]
[Black "Pieper, Thomas"]
[Result "1/2-1/2"]
[ECO "B92"]
[WhiteElo "1951"]
[BlackElo "2170"]
[Annotator "RC"]
[PlyCount "106"]
[EventDate "2024.07.01"]
[EventType "team-tourn"]
[EventCountry "POL"]
[SourceTitle "playchess.com"]
[Source "ChessBase"]
[SourceQuality "1"]
[TimeControl "40/5400+30:1800+30"]

1. e4 c5 2. Nf3 d6 3. d4 cxd4 4. Nxd4 Nf6 5. Nc3 a6 6. Be2 e5 7. Nb3 Be6 8. Be3 Nbd7 9. O-O Rc8 10. f3 Nb6 11. Nd2 d5 12. exd5 Nfxd5 13. Nxd5 Nxd5 14. Bf2 Qc7 15. c4 Nf4 16. Rc1 Be7 17. Re1 O-O 18. Bf1 Rfd8 19. Qc2 Bc5 20. Ne4 Bf5 21. Bxc5 Bxe4 22. Qxe4 Qxc5+ 23. Qe3 Qxe3+ 24. Rxe3 f6 25. g3 Ne6 26. Bh3 Rc6 27. Bxe6+ Rxe6 28. Rec3 h5 29. R1c2 Kf7 30. b4 Rd1+ 31. Kf2 g5 32. c5 Ra1 33. Rb3 g4 34. b5 axb5 35. Rxb5 Re7 36. Rcb2 Ke6 37. Rd2 Rc7 38. fxg4 hxg4 39. Ke3 Rc1 40. Rb6+ Rc6 41. Rxb7 R1xc5 42. Rbb2 Rc3+ 43. Rd3 Rc1 44. Rdd2 Ra1 45. Kf2 Ra6 46. Kg2 Kf5 47. Rf2+ Kg5 48. Rb8 R1xa2 49. Rg8+ Kh5 50. Rh8+ Kg6 51. Rg8+ Kh5 52. Rh8+ Kg6 53. Rg8+ Kh5 1/2-1/2

[Event "WSTCC-50 2024"]
[Site "Krakow"]
[Date "2024.07.02"]
[Round "1.15"]
[White "Czyz, Andrzej"]
[Black "Ortega, Lexy"]
[Result "1/2-1/2"]
[ECO "D10"]
[WhiteElo "1921"]
[BlackElo "2386"]
[Annotator "TA"]
[PlyCount "103"]
[EventDate "2024.07.01"]
[EventType "team-tourn"]
[EventCountry "POL"]
[SourceTitle "playchess.com"]
[Source "ChessBase"]
[SourceQuality "1"]
[TimeControl "40/5400+30:1800+30"]

1. d4 d5 2. c4 c6 3. Nc3 dxc4 4. a4 e5 5. e3 exd4 6. exd4 Be6 7. Nf3 Nf6 8. Ne5 c5 (8... Nbd7 $15 9. Bxc4 Nxe5 10. Bxe6 fxe6 11. dxe5 Qxd1+ 12. Nxd1 Nd5) 9. Be3 ({White should play} 9. d5 $1 $11 Nxd5 10. Bxc4) 9... cxd4 {[%emt 0:08:09] Black is slightly better.} 10. Bxd4 Nfd7 ({Better is} 10... Qc7 $15) 11. Bxc4 $11 {[%emt 0:06:46][%cal Oe5f7] aiming for Nxf7!} (11. Nxc4 Nc6 $15) 11... Nxe5 12. Bxe6 Nec6 $2 {[%emt 0:08:49][%mdl 8192] [#]} (12... fxe6 $14 13. Bxe5 Qxd1+ 14. Rxd1 Nc6) 13. Bd5 $2 (13. Qh5 $1 $18 {[%csl Ge6][%cal Rh5f7] and the rest is easy.} g6 (13... Qxd4 $2 {is the wrong capture.} 14. Qxf7+ Kd8 15. Rd1 $18) (13... Qe7 $2 14. O-O-O $18) 14. Qf3) 13... Nxd4 $16 14. Qxd4 {[%emt 0:00:41][%cal Od5f7] Bxf7+! would now be deadly.} Nc6 {[%emt 0:00:02] Black is weak on the light squares} 15. Qe4+ Qe7 16. O-O {[%emt 0:01:00] White is much more active.} Qxe4 17. Bxe4 O-O-O 18. Bxc6 bxc6 19. Rfc1 a5 20. Ne4 Kb7 21. Rc2 Rd4 22. f3 Be7 23. Rac1 Rc8 24. Rc4 Rxc4 25. Rxc4 $11 {[%emt 0:00:02][%mdl 4096] Endgame. KRB-KRN} Rd8 26. g4 Rd3 27. Kf2 (27. Rc3 $11 {keeps the balance.} Rd4 28. b3) 27... Rb3 $17 28. Rc2 g6 (28... Rb4 $17 29. Nc5+ Bxc5+ 30. Rxc5 Kb6 (30... Rxb2+ 31. Ke3 $17)) 29. Nd2 $1 $11 Rb4 30. b3 Kc7 31. Rc3 Rd4 32. Nc4 Rd5 33. Ke2 f5 34. h3 fxg4 35. fxg4 h5 36. Rd3 hxg4 37. hxg4 Bb4 38. Rf3 ({White should try} 38. Ke3 $14) 38... Rd4 39. Rf7+ Kd8 40. Kf3 Rd3+ 41. Kf4 Rxb3 42. Kg5 Rc3 43. Rf4 Rc2 44. Kxg6 Ra2 45. Kf7 (45. g5 $14) 45... Rxa4 46. g5 (46. Nxa5 {simplifies} Rxa5 47. Rxb4 Kd7 48. Rd4+) 46... Bc3 {[%emt 0:00:00] Prevents Ne5.} 47. g6 {[%emt 0:00:00][%mdl 1024] White has compensation.} Rb4 (47... Ra1 $11) 48. Ke6 $1 $14 {[%emt 0:00:00] [#] Rf8+ is the strong threat.} a4 $2 (48... Rb5 $14) 49. Kd6 $2 ({White has to play} 49. Rf8+ $18 Kc7 50. Rf7+ Kc8 51. Ne5) 49... Ke8 $11 50. Ke6 $2 (50. Kxc6 $11 Ke7 51. Kc5) 50... Kd8 $1 $18 51. Kd6 $2 (51. Rf8+ $18 Kc7 52. Rf7+ Kc8 53. Ne5) 51... Ke8 $11 52. Ke6 {[%emt 0:00:00] Weighted Error Value: White=0.47/Black=0.41.  Loses game:     	---       	Black=2      Missed win:     	White=3     	---        Mistake:       	White=5     	Black=4      Inaccurate:     	White=4     	Black=2      OK:         	White=13    	Black=12     Best:        	White=2     	Black=6      Strong:       	White=2     	Black=1} 1/2-1/2

[Event "WSTCC-50 2024"]
[Site "Krakow"]
[Date "2024.07.02"]
[Round "1.15"]
[White "Kohnen, Marc"]
[Black "Moritz, Hartmut"]
[Result "1/2-1/2"]
[ECO "C02"]
[WhiteElo "1837"]
[BlackElo "2002"]
[Annotator "NA RC"]
[PlyCount "69"]
[EventDate "2024.07.01"]
[EventType "team-tourn"]
[EventCountry "POL"]
[SourceTitle "playchess.com"]
[Source "ChessBase"]
[SourceQuality "1"]
[TimeControl "40/5400+30:1800+30"]

1. e4 e6 2. d4 d5 3. e5 c5 4. Nf3 cxd4 5. Nxd4 Nc6 6. f4 Nxd4 7. Qxd4 Ne7 8. Nc3 Nf5 9. Bb5+ Bd7 10. Qa4 Bc5 11. Ne2 a6 12. Bxd7+ Qxd7 13. Qxd7+ Kxd7 14. Bd2 h5 15. O-O-O b5 16. h4 Rhc8 17. Rh3 g6 18. Bc3 Ne3 19. Rd3 Ng4 20. Rhf3 Nf2 21. Rd2 Ne4 22. Rdd3 Be7 23. g3 a5 24. Bd4 b4 25. Kb1 a4 26. Rfe3 Rc6 27. c3 Rac8 28. cxb4 Bxb4 29. Bc3 Nxc3+ 30. Nxc3 Bxc3 31. Rxc3 Rxc3 32. Rxc3 Rxc3 33. bxc3 Kc6 34. Kc2 Kc5 35. Kd3 1/2-1/2

[Event "WSTCC-50 2024"]
[Site "Krakow"]
[Date "2024.07.02"]
[Round "1.16"]
[White "D'Amore, Carlo"]
[Black "Wielosz, Jaroslaw"]
[Result "1-0"]
[ECO "A05"]
[WhiteElo "2357"]
[BlackElo "1920"]
[Annotator "TA"]
[PlyCount "95"]
[EventDate "2024.07.01"]
[EventType "team-tourn"]
[EventCountry "POL"]
[SourceTitle "playchess.com"]
[Source "ChessBase"]
[SourceQuality "1"]
[TimeControl "40/5400+30:1800+30"]

1. Nf3 Nf6 2. g3 g6 3. Bg2 Bg7 4. O-O O-O 5. d4 d5 6. Be3 c6 7. Qc1 a5 8. c4 Bf5 9. h3 {[%emt 0:14:08] The position is equal.} Na6 (9... dxc4 $142 10. Bh6 Qd7) 10. g4 Bc8 11. Bh6 dxc4 12. Bxg7 Kxg7 13. Qxc4 h5 14. g5 Ne4 15. Nc3 Nd6 16. Qd3 Nb4 17. Qd2 Bf5 18. d5 (18. Nh4 $14) 18... Qc8 19. a3 Na6 20. dxc6 bxc6 21. Qd4+ Kg8 (21... Kh7 $1 $11 {remains equal.}) 22. Ne5 $16 Bxh3 23. Nxc6 {[%emt 0:00:21] White has more active pieces.} Nf5 24. Bxh3 Qxc6 25. Bxf5 gxf5 26. Nd5 $36 {[%emt 0:00:05][%cal Bc3d5,Bd5f4,Bf4d3][%mdl 2080] Keeping Black busy.} Rfe8 (26... Qe6 $142) 27. Qe5 (27. Rac1 $16 Qe6 28. Nf4) 27... Qe6 $14 28. Qxe6 fxe6 29. Nf4 Kf7 ({Black should try} 29... Nc5 $14) 30. Nd3 (30. Nxh5 Kg6 31. Ng3 (31. Nf4+ Kxg5 32. Nd3 Kf6 $14) 31... Kxg5 $15) 30... Rec8 31. Rac1 {[%emt 0:00:06] Repels Nc5} Rab8 32. f4 Nc7 33. Rc6 Nd5 34. Rfc1 Rxc6 35. Rxc6 Rb6 $2 {[%emt 0:01:06][%mdl 8192] [#] Black cannot hold the game after this.} (35... Rd8 $16 36. Kf2 h4) 36. Rxb6 {[%emt 0:01:24] White is clearly winning.} Nxb6 $18 {[%emt 0:00:07][%mdl 4096] Endgame. KN-KN} 37. b4 a4 38. Ne5+ Kg7 39. b5 Nd5 {[%emt 0:01:10] [#]} 40. e3 $1 {[%emt 0:00:30][%mdl 512] Hoping for Nc4.} Nb6 (40... Kf8 41. Nc4) 41. Kg2 Kh7 42. Kh3 Kg7 43. Kh4 Kh7 44. Kxh5 Kg7 45. Kh4 Kh7 46. Kg3 Kg7 47. Kf2 Nd5 48. Nd7 {[%emt 0:00:00] Weighted Error Value: White=0.12 (very precise) /Black=0.42.  Loses game:     	---       	Black=1      Mistake:       	White=2     	Black=4      Inaccurate:     	White=3     	Black=3      OK:         	White=14    	Black=11     Best:        	White=2     	Black=1} 1-0

[Event "WSTCC-50 2024"]
[Site "Krakow"]
[Date "2024.07.02"]
[Round "1.16"]
[White "Scheckenbach, Franz"]
[Black "Thomas, Gary"]
[Result "1/2-1/2"]
[ECO "A08"]
[WhiteElo "2072"]
[BlackElo "1865"]
[Annotator "NA RC"]
[PlyCount "62"]
[EventDate "2024.07.01"]
[EventType "team-tourn"]
[EventCountry "POL"]
[SourceTitle "playchess.com"]
[Source "ChessBase"]
[SourceQuality "1"]
[TimeControl "40/5400+30:1800+30"]

1. Nf3 d5 2. g3 c5 3. Bg2 Nc6 4. O-O Nf6 5. d3 e5 6. Nbd2 Be7 7. e4 O-O 8. c3 dxe4 9. dxe4 Qd3 10. Re1 Rd8 11. Bf1 Qd6 12. Qc2 Bg4 13. Nc4 Qc7 14. Bg2 Rd7 15. Bg5 Rad8 16. Bxf6 Bxf6 17. Ne3 Be6 18. Bf1 a6 19. Bc4 Bxc4 20. Nxc4 g6 21. Rad1 b5 22. Ne3 Ne7 23. Rxd7 Rxd7 24. Rd1 h5 25. h3 Bg7 26. g4 Qd8 27. Kg2 hxg4 28. hxg4 f6 29. Rxd7 Qxd7 30. Qd1 Qxd1 31. Nxd1 f5 1/2-1/2

[Event "WSTCC-50 2024"]
[Site "Krakow"]
[Date "2024.07.02"]
[Round "1.16"]
[White "Van Bentum, Horst"]
[Black "Kayser, Pierrot"]
[Result "1-0"]
[ECO "C66"]
[WhiteElo "1951"]
[BlackElo "1764"]
[Annotator "NA RC"]
[PlyCount "61"]
[EventDate "2024.07.01"]
[EventType "team-tourn"]
[EventCountry "POL"]
[SourceTitle "playchess.com"]
[Source "ChessBase"]
[SourceQuality "1"]
[TimeControl "40/5400+30:1800+30"]

1. e4 e5 2. Nf3 Nc6 3. Bb5 Nf6 4. O-O d6 5. Re1 a6 6. Bxc6+ bxc6 7. d4 exd4 8. Nxd4 c5 9. Nf3 Be7 10. h3 O-O 11. Nc3 Bb7 12. Bf4 Re8 13. Qd3 Rc8 14. Rad1 Bc6 15. Qxa6 Bd7 16. Qd3 Be6 17. Nd5 Bxd5 18. exd5 Qd7 19. b3 Bf8 20. Bg5 Be7 21. Re2 h6 22. Bxf6 Bxf6 23. Rxe8+ Rxe8 24. Re1 Rxe1+ 25. Nxe1 Qe8 26. Nf3 Be5 27. a4 Qb8 28. Nxe5 dxe5 29. Qb5 Qb6 30. Qe8+ Kh7 31. Qxe5 1-0

[Event "WSTCC-50 2024"]
[Site "Krakow"]
[Date "2024.07.02"]
[Round "1.17"]
[White "Kaspi, Alexander"]
[Black "Osiecki, Stanislaw"]
[Result "1-0"]
[ECO "A53"]
[WhiteElo "2365"]
[BlackElo "1986"]
[Annotator "TA"]
[PlyCount "145"]
[EventDate "2024.07.01"]
[EventType "team-tourn"]
[EventCountry "POL"]
[SourceTitle "playchess.com"]
[Source "ChessBase"]
[SourceQuality "1"]
[TimeControl "40/5400+30:1800+30"]

1. d4 Nf6 2. c4 d6 3. Nc3 Nbd7 4. e4 c6 5. Be3 e5 6. d5 cxd5 {[%emt 0:00:11] A53: Old Indian Defence without Nf3.} 7. cxd5 Nc5 $146 ({Predecessor:} 7... g6 8. f3 a6 9. Nge2 Bg7 10. Qd2 O-O 11. g4 b5 12. Ng3 Nc5 13. b4 Na4 14. Nxa4 bxa4 15. Bd3 Ne8 16. Rc1 Bd7 17. O-O Qb8 18. Rc2 Nc7 19. Rfc1 Nb5 20. Kg2 Qb7 21. Bxb5 Qxb5 {1-0 Dolezal,R (2421)-Karlik,V (2321) Cesky Krumlov op 1st 2007 (9)}) 8. f3 a5 9. Bb5+ Bd7 10. Nge2 Bxb5 11. Nxb5 Qb6 12. a4 Be7 13. O-O O-O 14. Kh1 Rfc8 15. Rc1 Ne8 16. Rc3 Qd8 17. Bxc5 Rxc5 18. Rxc5 dxc5 19. Qd3 (19. Nec3 $142) 19... Nd6 20. Nxd6 Bxd6 21. Nc3 Rc8 22. Qc4 Qd7 23. Nb5 h6 24. g3 Kh8 25. Kg2 Qe7 (25... f6 $16 26. Na3 Be7) 26. Rf2 Qd7 27. Kf1 Qh3+ 28. Ke2 Qd7 29. Kd1 Qe7 30. Kc2 Qd7 31. Kb1 Qe7 32. Ka2 Qd7 33. Rc2 Qe7 34. Na3 Kg8 35. Qb5 Qc7 36. Nc4 Ra8 37. Nxd6 Qxd6 38. Qxc5 Qd7 39. Ka3 Qd8 40. d6 Ra6 (40... Qf6 $142 41. Rc3 Rd8) 41. Rd2 $18 (41. Qxe5 Rxd6 42. Rc5 Rd3+ 43. Rc3 b6 $11) 41... f6 42. d7 Rc6 43. Qxa5 Qxa5 44. d8=Q+ (44. d8=B Qxd2 45. h3 Qxd8 46. f4 Qd3+ 47. Ka2 Rc2 (47... Qxg3 48. fxe5 Rc2 49. exf6 Qe5 50. f7+ Kf8 51. h4 Qxb2#) (47... Qc4+ 48. Ka3 Rb6 49. b4 Qxb4+ 50. Ka2 Qxa4#) 48. g4 Qc3 49. fxe5 Qxb2#) 44... Qxd8 45. Rxd8+ Kh7 46. Rd7 b6 47. h4 h5 48. Rd3 g5 49. b4 Rc1 $2 (49... g4 50. fxg4 Kh6) 50. a5 $18 b5 51. Kb2 Rc4 52. a6 Rc7 (52... Kg6 $142 53. a7 (53. Kb3 Rc6 $18) 53... Rc8) 53. Rd6 $18 Kg6 54. Rb6 Ra7 55. Kc3 Rc7+ 56. Kd3 Ra7 57. Ke3 Ra8 58. f4 gxf4+ 59. gxf4 Kf7 60. Rb7+ (60. Rxb5 exf4+ 61. Kxf4 Rxa6 62. Rxh5 Ra1) 60... Kg6 61. Rb6 $2 (61. Rxb5 exf4+ 62. Kxf4 Rxa6 $16) ({White has to play} 61. a7 $18 Kh6 62. fxe5 (62. Rxb5 exf4+ 63. Kd4 Rxa7 $18) 62... fxe5 63. Rb6+ (63. Rxb5 Rxa7 64. Rxe5 Ra4 $18) 63... Kg7 64. Rxb5 Rxa7 65. Rxe5) 61... Kg7 $2 (61... Kf7 $11 62. Ke2 (62. Rxb5 exf4+ 63. Kxf4 Rxa6 $18) 62... Kg7) 62. fxe5 $18 (62. Rxb5 exf4+ 63. Kxf4 Rxa6 64. Rxh5 Ra1 $18) 62... fxe5 63. Rxb5 Rxa6 64. Rxe5 Kg6 65. b5 (65. Kd4 $142 Ra4 66. Kc5 Kf7 67. Rxh5 Ke6 68. Rg5 Ra8 69. b5 Rc8+ 70. Kb6) 65... Ra1 66. Re6+ (66. Kd4 $142 Kf6 67. Rxh5) 66... Kg7 67. b6 Rb1 68. Kd4 Kf7 69. Rc6 Rb4+ 70. Kd5 $2 (70. Kc5 {mates} Rxe4 71. b7 Re8 72. Rc8 Re5+ 73. Kc6 (73. Kd4 Rb5 74. b8=Q Rxb8 75. Rxb8 Kf6 76. Rb5 Ke6 77. Rxh5 Kf6) 73... Re6+ 74. Kd5 Re1 75. b8=Q (75. b8=B Rd1+ 76. Ke4 Rh1 $18)) 70... Rb5+ $2 (70... Rxb6 $16 71. Rxb6 Ke7 72. Rb7+ Kd8 73. e5 Ke8 74. e6 Kf8 75. Rf7+ Kg8 76. Ke4 Kh8 77. e7 Kg8 78. e8=Q#) 71. Kd6 Rb4 72. Kc7 Rxe4 73. b7 1-0

[Event "WSTCC-50 2024"]
[Site "Krakow"]
[Date "2024.07.02"]
[Round "1.17"]
[White "Lalic, Susan K"]
[Black "Homer, Stephen J"]
[Result "1-0"]
[ECO "B51"]
[WhiteElo "2235"]
[BlackElo "2019"]
[Annotator "TA"]
[PlyCount "85"]
[EventDate "2024.07.01"]
[EventType "team-tourn"]
[EventCountry "POL"]
[SourceTitle "playchess.com"]
[Source "ChessBase"]
[SourceQuality "1"]
[TimeControl "40/5400+30:1800+30"]

1. e4 c5 2. Nf3 d6 3. Bb5+ Nd7 4. Ba4 a6 5. c4 Ngf6 6. Nc3 g6 7. O-O Bg7 8. h3 {[%emt 0:05:17] The position is equal.} O-O 9. d3 Rb8 10. Rb1 Ne8 11. Bxd7 (11. d4 $11) 11... Bxd7 $15 12. d4 cxd4 13. Nxd4 Nf6 14. a4 Qc7 ({Black should play} 14... Qb6 $11) 15. b3 $14 e5 16. Nde2 (16. Nc2 $14) 16... b5 $11 17. cxb5 (17. axb5 {with more complications.} axb5 18. Bg5 bxc4 19. Bxf6 Bxf6 20. Nd5) 17... axb5 18. axb5 Bxb5 19. Nxb5 Rxb5 20. Qd3 Rfb8 21. Bg5 Qb7 (21... Nd7 $11 {keeps the balance.}) 22. Bxf6 $16 Bxf6 23. Nc3 $1 Rc5 (23... Rxb3 $2 24. Rxb3 Qxb3 25. Rb1 $18 (25. Qxd6 Qb6 $11)) 24. b4 ({Reject} 24. Qxd6 $6 Rxc3 25. Qxf6 Qxe4 $11) 24... Rcc8 25. Nd5 Bd8 26. Rfd1 Qb5 27. Qxb5 Rxb5 28. Rdc1 Rcb8 29. Rc6 Ba5 30. Rc4 ({Don't play} 30. Rxd6 Bxb4 31. Rc6 Bc5 32. Rxb5 Rxb5 $11) 30... Kg7 31. g4 (31. Kh2 $14) 31... R5b7 (31... Rc5 $1 $11 32. Rxc5 (32. bxc5 Rxb1+ 33. Kg2 dxc5 $11) 32... dxc5) 32. Kg2 {[%emt 0:00:23] White is more active.} Bb6 33. Ra1 Ra7 {[%emt 0:04:14] [#]} 34. Rxa7 Bxa7 {[%emt 0:00:01][%mdl 4096] Endgame. KRB-KRN} 35. Rc6 (35. Rc7 $16 Bb6 36. Rd7) 35... Rd8 $2 {[%emt 0:00:09][%mdl 8192] Black cannot hold the game after this.} (35... Bd4 $14) 36. b5 $18 Bc5 37. b6 Rb8 38. g5 h6 $2 (38... Bd4 {might work better.} 39. Rxd6 Rb7) 39. h4 hxg5 40. hxg5 Kf8 {[%emt 0:05:08] [#]} 41. b7 $1 {[%emt 0:32:09][%mdl 512] White mates.} Kg7 (41... Ba7 42. Rc8+) 42. Rc8 Ba7 43. Nf6 {[%emt 0:00:27] Weighted Error Value: White=0.12 (very precise) /Black=0.56.  Loses game:     	---       	Black=1      Mistake:       	White=4     	Black=4      Inaccurate:     	White=1     	Black=3      OK:         	White=14    	Black=14     Best:        	White=2     	---        Strong:       	White=1     	---        Brilliant:      	White=1     	---} 1-0

[Event "WSTCC-50 2024"]
[Site "Krakow"]
[Date "2024.07.02"]
[Round "1.18"]
[White "Sielicki, Tomasz"]
[Black "Fleish, Felix"]
[Result "1/2-1/2"]
[ECO "A45"]
[WhiteElo "2017"]
[BlackElo "2161"]
[Annotator "RC"]
[PlyCount "40"]
[EventDate "2024.07.01"]
[EventType "team-tourn"]
[EventCountry "POL"]
[SourceTitle "playchess.com"]
[Source "ChessBase"]
[SourceQuality "1"]
[TimeControl "40/5400+30:1800+30"]

1. d4 Nf6 2. Bf4 c5 3. d5 d6 4. Nc3 e5 5. Bg5 Be7 6. Bxf6 Bxf6 7. e4 O-O 8. Nf3 a6 9. a4 g6 10. h4 Bg4 11. g3 Nd7 12. Bh3 Bxh3 13. Rxh3 c4 14. Nd2 Rc8 15. Qe2 b5 16. axb5 axb5 17. Kf1 b4 18. Nd1 c3 19. bxc3 bxc3 20. Nb1 Qb6 1/2-1/2

[Event "WSTCC-50 2024"]
[Site "Krakow"]
[Date "2024.07.02"]
[Round "1.18"]
[White "Rasalingam, Haran"]
[Black "Lauterbach, Ingrid"]
[Result "1-0"]
[ECO "B24"]
[WhiteElo "1944"]
[BlackElo "2023"]
[Annotator "NA RC"]
[PlyCount "63"]
[EventDate "2024.07.01"]
[EventType "team-tourn"]
[EventCountry "POL"]
[SourceTitle "playchess.com"]
[Source "ChessBase"]
[SourceQuality "1"]
[TimeControl "40/5400+30:1800+30"]

1. e4 c5 2. Nc3 Nc6 3. Bb5 Nd4 4. Nf3 Nxb5 5. Nxb5 g6 6. d4 Bg7 7. Be3 Qa5+ 8. Nc3 cxd4 9. Nxd4 Nf6 10. f3 d6 11. Qd2 a6 12. Bh6 Bxh6 13. Qxh6 Qh5 14. Qd2 Bd7 15. O-O-O O-O-O 16. Kb1 Kb8 17. g4 Qc5 18. h4 h6 19. Rhe1 g5 20. Nf5 d5 21. hxg5 hxg5 22. Qxg5 d4 23. Rxd4 Bxf5 24. Rxd8+ Rxd8 25. exf5 Qf2 26. Qe3 Rd2 27. Qf4+ Kc8 28. Rh1 Qg2 29. Rh8+ Kd7 30. a3 Qg1+ 31. Ka2 Qc5 32. Qxd2+ 1-0

[Event "WSTCC-50 2024"]
[Site "Krakow"]
[Date "2024.07.02"]
[Round "1.19"]
[White "Jackson, Sheila"]
[Black "Wilson, Edgar"]
[Result "1/2-1/2"]
[ECO "A08"]
[WhiteElo "1988"]
[BlackElo "1912"]
[Annotator "NA RC"]
[PlyCount "156"]
[EventDate "2024.07.01"]
[EventType "team-tourn"]
[EventCountry "POL"]
[SourceTitle "playchess.com"]
[Source "ChessBase"]
[SourceQuality "1"]
[TimeControl "40/5400+30:1800+30"]

1. e4 e6 2. d3 d5 3. Nd2 Nf6 4. Ngf3 c5 5. g3 Be7 6. Bg2 Nc6 7. O-O O-O 8. Re1 b5 9. h4 a5 10. a4 b4 11. b3 Ba6 12. Bb2 Qc7 13. Qe2 Rac8 14. exd5 exd5 15. Bh3 Rcd8 16. Rad1 Rfe8 17. Qf1 Nd7 18. h5 h6 19. Bf5 Bd6 20. Qh3 Nde5 21. Nxe5 Bxe5 22. Bxe5 Rxe5 23. Nf3 Ree8 24. Qh4 Bc8 25. Bxc8 Rxc8 26. Kg2 Qd7 27. Qf4 Nd4 28. Nxd4 cxd4 29. Qxd4 Rxe1 30. Rxe1 Rxc2 31. Re5 Rc3 32. Rxd5 Qc6 33. Kh3 Qe6+ 34. g4 Rxb3 35. Rxa5 Qe1 36. Kg2 Qe6 37. Ra8+ Kh7 38. Qe4+ Qxe4+ 39. dxe4 Ra3 40. a5 b3 41. Rb8 g6 42. hxg6+ Kxg6 43. Rb5 b2 44. Rxb2 Rxa5 45. Kg3 h5 46. Rb6+ Kg7 47. gxh5 Rxh5 48. Kg4 Ra5 49. f4 Ra1 50. e5 Re1 51. Kf5 Rh1 52. Rb7 Re1 53. Re7 Ra1 54. Rd7 Ra6 55. Rd6 Ra5 56. Ke4 Rb5 57. f5 Ra5 58. Rd7 Kg8 59. Rd8+ Kh7 60. e6 fxe6 61. fxe6 Ra1 62. Rf8 Kg7 63. Rf3 Re1+ 64. Kf5 Kf8 65. Kf6 Ke8 66. Rf5 Re2 67. Rf1 Re3 68. Rd1 Rf3+ 69. Ke5 Re3+ 70. Kd6 Re2 71. Rd5 Re1 72. Rh5 Rd1+ 73. Ke5 Re1+ 74. Kf6 Rf1+ 75. Rf5 Rxf5+ 76. Kxf5 Ke7 77. Ke5 Ke8 78. Kd6 Kd8 1/2-1/2

[Event "WSTCC-50 2024"]
[Site "Krakow"]
[Date "2024.07.02"]
[Round "1.19"]
[White "Linik, Yaron"]
[Black "Flis, Pawel"]
[Result "1/2-1/2"]
[ECO "C47"]
[WhiteElo "1910"]
[BlackElo "1980"]
[Annotator "NA RC"]
[PlyCount "92"]
[EventDate "2024.07.01"]
[EventType "team-tourn"]
[EventCountry "POL"]
[SourceTitle "playchess.com"]
[Source "ChessBase"]
[SourceQuality "1"]
[TimeControl "40/5400+30:1800+30"]

1. e4 e5 2. Nf3 Nc6 3. Nc3 Nf6 4. a3 d5 5. Bb5 d4 6. Ne2 Bd7 7. d3 Bd6 8. Bg5 h6 9. Bh4 g5 10. Bg3 Qe7 11. Qd2 O-O-O 12. Bxc6 Bxc6 13. Qa5 Nd7 14. Qxa7 f5 15. exf5 Rhf8 16. O-O-O Bxf3 17. Qa8+ Nb8 18. gxf3 Rxf5 19. h4 Rxf3 20. hxg5 hxg5 21. Rde1 Qf7 22. Kb1 Rf6 23. Nc1 e4 24. Rxe4 Bxg3 25. fxg3 Ra6 26. Qxa6 Nxa6 27. g4 c5 28. Rhe1 Qf3 29. Nb3 Rh8 30. Nd2 Qg2 31. R1e2 Qg3 32. Nc4 b5 33. Nb6+ Kc7 34. Nd5+ Kd6 35. Nf6 Nc7 36. Re6+ Nxe6 37. Ne4+ Kd5 38. Nxg3 Nf4 39. Re7 Rh4 40. Ne4 Rxg4 41. Rg7 Rg1+ 42. Ka2 Ne6 43. Rd7+ Ke5 44. Re7 Kd5 45. Rd7+ Ke5 46. Re7 Kd5 1/2-1/2

[Event "WSTCC-50 2024"]
[Site "Krakow"]
[Date "2024.07.02"]
[Round "1.20"]
[White "Zielinski, Olgierd"]
[Black "Bulkovstein, David"]
[Result "1/2-1/2"]
[ECO "C01"]
[WhiteElo "1913"]
[BlackElo "1842"]
[Annotator "NA RC"]
[PlyCount "49"]
[EventDate "2024.07.01"]
[EventType "team-tourn"]
[EventCountry "POL"]
[SourceTitle "playchess.com"]
[Source "ChessBase"]
[SourceQuality "1"]
[TimeControl "40/5400+30:1800+30"]

1. e4 e6 2. d4 d5 3. exd5 exd5 4. Nf3 Nc6 5. Bb5 Bd6 6. c4 a6 7. Ba4 dxc4 8. d5 b5 9. dxc6 bxa4 10. O-O Ne7 11. Nbd2 c3 12. Ne4 O-O 13. Qxa4 Bf5 14. Nxd6 Qxd6 15. Nd4 Bd3 16. Rd1 Qg6 17. bxc3 Nd5 18. Bd2 Nb6 19. Qa5 Rfd8 20. Qg5 Bc4 21. Qxg6 hxg6 22. Bg5 Re8 23. Rd2 Nd5 24. Rc2 Rab8 25. Rd1 1/2-1/2

[Event "WSTCC-50 2024"]
[Site "Krakow"]
[Date "2024.07.02"]
[Round "1.20"]
[White "De Winter, Kevin"]
[Black "Fink-Nunn, Petra"]
[Result "0-1"]
[ECO "C58"]
[WhiteElo "1803"]
[BlackElo "1947"]
[Annotator "NA RC"]
[PlyCount "72"]
[EventDate "2024.07.01"]
[EventType "team-tourn"]
[EventCountry "POL"]
[SourceTitle "playchess.com"]
[Source "ChessBase"]
[SourceQuality "1"]
[TimeControl "40/5400+30:1800+30"]

1. e4 e5 2. Nf3 Nc6 3. Bc4 Nf6 4. Ng5 d5 5. exd5 Na5 6. Bb5+ Bd7 7. Qe2 Bd6 8. Bxd7+ Qxd7 9. Nc3 c6 10. dxc6 Nxc6 11. Nge4 Be7 12. d3 Nd4 13. Qd1 Nxe4 14. Nxe4 Qd5 15. O-O O-O 16. Bd2 Rac8 17. Nc3 Qc5 18. Rc1 Rc6 19. Re1 f5 20. b4 Qd6 21. Ne2 Rfc8 22. Nxd4 Qxd4 23. a3 Bf6 24. b5 R6c7 25. Bb4 Rd7 26. Qe2 Qd5 27. Rcd1 Qxb5 28. c4 Qa4 29. d4 e4 30. Qe3 Rxc4 31. Qf4 a5 32. Qxf5 Rcxd4 33. Rxd4 Rxd4 34. Qc8+ Rd8 35. Qe6+ Kh8 36. Be7 Qe8 0-1